 Dungeon Crawl Stone Soup version 0.24-a0-762-gca426f56c8 (webtiles) character file.

Game seed: 8776463892581334358, levelgen mode: deterministic

300646 Ijustatesigmund the Warrior (level 21, 0/126 HPs)
             Began as a Gargoyle Gladiator on Oct 3, 2019.
             Was the Champion of Cheibriados.
             Killed from afar by a yaktaur (9 damage)
             ... with an exploding inner flame
             ... led by a yaktaur captain
             ... hexed by the player character
             ... on level 3 of the Vaults.
             The game lasted 02:06:25 (33347 turns).

Ijustatesigmund the Warrior (Gargoyle Gladiator)   Turns: 33347, Time: 02:06:25

Health: 0/126      AC: 35    Str: 39      XL:     21   Next: 2%
Magic:  33/33      EV: 18    Int: 35      God:    Cheibriados [******]
Gold:   2001       SH: 41    Dex: 34 (35) Spells: 17/20 levels left

rFire    + + .     SeeInvis +   x - +5 flail of Yroxin {vamp, +Fly MR+ Dex+4 SInv}
rCold    . . .     Gourm    .   m - +10 large shield of Ignorance {rN+ Int-4}
rNeg     + + +     Faith    .   b - +3 troll leather armour
rPois    ∞         Spirit   .   q - +0 hat "Toadoddaage" {rN+ MR+ Int+8 Dex-2}
rElec    +         Reflect  +   d - +2 cloak {MR+}
rCorr    .         Harm     .   X - +1 pair of gloves "Xise" {Int+4}
MR       ++++.                  P - +1 pair of boots of Raur {Slay+3}
Stlth    +++++.....             A - amulet "Apapaoso" {Reflect rF+ SH+5}
HPRegen  0.71/turn              e - +3 ring of slaying
MPRegen  0.23/turn              y - ring of Afroviok {rF+ AC+2 Str+4 SInv Stlth+}

@: flying, very slow
A: big wings, horns 1, agile 1, deterioration 1, frail 1, negative energy
resistance 1, screaming 1, electricity resistance, unbreathing, petrification
resistance, rot immunity, AC +16
}: 2/15 runes: serpentine, barnacled
a: Stop Flying, Bend Time, Temporal Distortion, Slouch, Step From Time, Renounce
Religion


You were on level 3 of the Vaults.
You worshipped Cheibriados.
Cheibriados was exalted by your worship.
You were not hungry.

You visited 7 branches of the dungeon, and saw 35 of its levels.
You also visited: Ossuary, Bailey, Gauntlet and Ice Cave.

You collected 3960 gold pieces.
You spent 1959 gold pieces at shops.

Inventory:

Hand Weapons
 x - the +5 flail of Yroxin (weapon) {vamp, +Fly MR+ Dex+4 SInv}
   (You found it on level 14 of the Dungeon)

   It inflicts no extra harm, but heals its wielder when it wounds a living foe.
   It affects your dexterity (+4).
   It affects your resistance to hostile enchantments.
   It lets you see invisible.
   It lets you fly.
 U - a +7 demon whip of flaming
 V - the +11 hand crossbow of Cuass {velocity, Int+3}
   (You found it on level 15 of the Dungeon)

   Any bolt fired from it inflicts extra damage.
   It affects your intelligence (+3).
Missiles
 E - 296 bolts
 G - 3 throwing nets
 Q - 68 silver javelins (quivered)
Armour
 b - a +3 troll leather armour (worn)
 d - a +2 cloak of magic resistance (worn)
 m - the +10 large shield of Ignorance (worn) {rN+ Int-4}
   (You bought it in a shop on level 6 of the Dungeon)

   It affects your intelligence (-4).
   It protects you from negative energy.
 q - the +0 hat "Toadoddaage" (worn) {rN+ MR+ Int+8 Dex-2}
   (You acquired it on level 5 of the Lair of Beasts)

   It affects your intelligence (+8).
   It affects your dexterity (-2).
   It protects you from negative energy.
   It affects your resistance to hostile enchantments.
 P - the +1 pair of boots of Raur (worn) {Slay+3}
   (You bought it in a shop on level 4 of the Dungeon)

   It affects your accuracy and damage with ranged weapons and melee attacks
   (+3).
 X - the +1 pair of gloves "Xise" (worn) {Int+4}
   (You found it on level 1 of the Lair of Beasts)

   It affects your intelligence (+4).
Jewellery
 c - the ring "Nedareiw" {*Tele rElec rC+ rN++ Int-3}
   (You found it in a Gauntlet)

   [ring of teleportation]

   It may teleport you next to monsters.
   It affects your intelligence (-3).
   It protects you from cold.
   It insulates you from electricity.
   It greatly protects you from negative energy.
 e - a +3 ring of slaying (left hand)
 y - the ring of Afroviok (right hand) {rF+ AC+2 Str+4 SInv Stlth+}
   (You bought it in a shop on level 2 of the Orcish Mines)

   [ring of protection]

   It affects your AC (+2).
   It affects your strength (+4).
   It protects you from fire.
   It lets you see invisible.
   It makes you more stealthy.
 A - the amulet "Apapaoso" (around neck) {Reflect rF+ SH+5}
   (You found it in a Gauntlet)

   [amulet of reflection]

   It shields you and reflects attacks.
   It protects you from fire.
   It affects your SH (+5).
 I - the ring of Qeuwkiaq {rC+ MR++ Str+8 Dex-5}
   (You found it on level 4 of the Shoals)

   [ring of protection from cold]

   It affects your strength (+8).
   It affects your dexterity (-5).
   It protects you from cold.
   It affects your resistance to hostile enchantments.
 R - an uncursed ring of protection from fire
 S - an uncursed ring of ice
Wands
 l - a wand of iceblast (14)
 v - a wand of clouds (8)
 C - a wand of enslavement (7)
 D - a wand of digging (3)
 N - a wand of acid (8)
Scrolls
 a - a scroll of fear
 h - 22 scrolls of remove curse
 j - 2 scrolls of blinking
 u - 13 scrolls of identify
 w - a scroll of summoning
 B - 5 scrolls of teleportation
 H - 3 scrolls of immolation
 J - a scroll of holy word
 W - a scroll of fog
 Y - 5 scrolls of magic mapping
Potions
 g - a potion of resistance
 i - 4 potions of magic
 k - 11 potions of brilliance
 o - 5 potions of might
 p - 6 potions of agility
 r - 3 potions of ambrosia
 s - 4 potions of cancellation
 t - a potion of invisibility
 z - 4 potions of lignification
 F - 14 potions of curing
 Z - 5 potions of heal wounds
Miscellaneous
 n - 2 phantom mirrors
Comestibles
 f - 54 rations


   Skills:
 + Level 18.1 Fighting
 + Level 14.1 Maces & Flails
 - Level 9.4 Crossbows
 - Level 1.7 Throwing
 + Level 11.6 Armour
 - Level 6.4 Dodging
 + Level 6.9 Stealth
 - Level 17.4 Shields
 - Level 3.2 Summonings
 - Level 7.0 Translocations
 + Level 17.9 Invocations
 - Level 3.4 Evocations


You had 17 spell levels left.
You knew the following spells:

 Your Spells              Type           Power        Failure   Level  Hunger
a - Summon Butterflies    Summ           ###.....     5%          1    ##.....
b - Blink                 Tloc           N/A          1%          2    ###....

Your spell library contained the following spells:

 Spells                   Type           Power        Failure   Level  Hunger
 Call Imp                 Summ           ###.....     8%          2    ###....
 Portal Projectile        Hex/Tloc       ###...       14%         3    ####...
 Animate Skeleton         Necr           N/A          19%         1    ##.....
 Corona                   Hex            #......      19%         1    ##.....
 Freeze                   Ice            #...         19%         1    ##.....
 Magic Dart               Conj           #...         19%         1    ##.....
 Pain                     Necr           #...         19%         1    ##.....
 Slow                     Hex            #.......     28%         2    ###....
 Throw Flame              Conj/Fire      #.....       28%         2    ###....
 Throw Frost              Conj/Ice       #.....       28%         2    ###....
 Conjure Flame            Conj/Fire      #.......     50%         3    ####...
 Ignite Poison            Fire/Tmut/Pois #.......     50%         3    ####...
 Inner Flame              Hex/Fire       #.......     50%         3    ####...
 Mephitic Cloud           Conj/Pois/Air  #.......     50%         3    ####...
 Ozocubu's Armour         Chrm/Ice       #.......     50%         3    ####...
 Regeneration             Chrm/Necr      #.........   50%         3    ####...
 Vampiric Draining        Necr           #.........   50%         3    ####...
 Summon Forest            Summ/Tloc      #####.....   54%         5    ######.
 Summon Ice Beast         Ice/Summ       ##......     69%         4    #####..
 Aura of Abjuration       Summ           ###.......   82%         5    ######.
 Animate Dead             Necr           N/A          88%         4    #####..
 Cause Fear               Hex            #.........   88%         4    #####..
 Ice Form                 Ice/Tmut       #.......     88%         4    #####..
 Leda's Liquefaction      Hex/Erth       #.........   88%         4    #####..
 Sticky Flame             Conj/Fire      #.......     88%         4    #####..
 Throw Icicle             Conj/Ice       #.......     88%         4    #####..
 Fireball                 Conj/Fire      #.........   99%         5    ######.
 Metabolic Englaciation   Hex/Ice        #.........   99%         5    ######.
 Bolt of Cold             Conj/Ice       #.........   100%        6    #######
 Bolt of Fire             Conj/Fire      #.........   100%        6    #######
 Darkness                 Hex            #.........   100%        6    #######
 Freezing Cloud           Conj/Ice/Air   #.........   100%        6    #######
 Ozocubu's Refrigeration  Ice            #.........   100%        6    #######
 Simulacrum               Ice/Necr       #.........   100%        6    #######
 Dragon Form              Tmut           #.........   100%        7    #######
 Ring of Flames           Chrm/Fire      #.........   100%        7    #######
 Ignition                 Fire           #.........   100%        8    #######
 Statue Form              Tmut/Erth      Unusable     N/A         6    N/A

Dungeon Overview and Level Annotations

Branches:
Dungeon (15/15)            Temple (1/1) D:4            Lair (6/6) D:8
 Shoals (4/4) Lair:2        Snake (4/4) Lair:4        Slime (0/5) Lair:5
    Orc (2/2) D:9             Elf (0/3) Orc:2        Vaults (3/5) D:14
 Depths (0/5) D:15        Ossuary (visited)          Bailey (visited)
  IceCv (visited)         Gauntlet (visited)
  Crypt: Vaults:2-3

Altars:
Ashenzari
Cheibriados
Dithmenos
Elyvilon
Fedhas
Gozag
Hepliaklqana
Kikubaaqudgha
Makhleb
Nemelex Xobeh
Okawaru
Qazlal
Ru
Sif Muna
Trog
Uskayaw
Vehumet
Wu Jian
Xom
Yredelemnul
Zin
The Shining One
Beogh

Shops:
D:4 [   D:6 ([*   D:10 [   Orc:2 !?==%   Snake:2 }   Vaults:1 =[(?

Annotations:
D:3 3 runed translucent doors, dvd2's ghost, amateur OgHu


Innate Abilities, Weirdness & Mutations

You are resistant to torment.
Your stone body is resilient. (AC +16)
You are immune to poison.
Your large and strong wings let you fly indefinitely.
You resist negative energy. (rN+)
You are resistant to electric shocks. (rElec)
You can survive without breathing.
You are immune to petrification.
You are immune to rotting.
You have a pair of small horns on your head.
You are agile. (Dex +2)
Your body sometimes deteriorates upon taking damage.
You are frail. (-10% HP)
You occasionally shout uncontrollably at your foes.


Message History

The fiery explosion engulfs the yaktaur captain!!
The yaktaur captain explodes!
The fiery explosion engulfs you. You resist.
* * * LOW HITPOINT WARNING * * *
The fiery explosion engulfs the centaur warrior!!!
The centaur warrior explodes!
The fiery explosion engulfs the ghoul!!!
The ghoul is severely damaged.
The fiery explosion engulfs the yaktaur!!
The yaktaur is heavily wounded.
The fiery explosion engulfs the skeletal warrior!
The skeletal warrior is moderately damaged.
The fiery explosion engulfs you! You resist.
* * * LOW HITPOINT WARNING * * *
Cheibriados thoroughly appreciates the change of pace.
The fiery explosion engulfs the ghoul!!
The ghoul is almost destroyed.
Cheibriados thoroughly appreciates the change of pace.
The fiery explosion engulfs you! You resist.
You die...

#..##....#...#
#..#.....#...#
#..#.<..##...#
#..#...##....#
#..'..##V....#
#..#.##W.....#..
########..###czZo.(.(..
#......'...§§§nTp...#..
#......#...§§§@§oo..#
#......#...§§§§§T...#
#......#(...§§§ce...#
#......#....§§O.O...#
#......#...%..o.(O..#
########...%.....(..#
#........%.%.#
#.....%..%.O.#


You could see a ghoul (inner flame), a vampire knight (inner flame), an orc
knight (inner flame), a skeletal warrior (inner flame), a flayed ghost (inner
flame), 2 two-headed ogres, an ogre mage, a deep troll (inner flame), a deep elf
knight (inner flame), an ironbrand convoker (inner flame), 2 yaktaurs, a troll
(inner flame), an orc warrior (inner flame), an ogre (inner flame), a vault
sentinel simulacrum (inner flame) and 2 orcs.

Vanquished Creatures
  Saint Roka (Orc:2)
  Vashnia (Snake:3)
  Nikola (Shoals:3)
  Rupert (D:15)
  Polyphemus (Shoals:2)
  The ghost of Ogubb the Scorcher, an adept DrFE of Sif Muna (Shoals:1)
  A sphinx (Vaults:2)
  Gastronok (Lair:3)
  Roxanne (Snake:3)
  Donald (Snake:3)
  Kirke (Lair:4)
  Ilsuiw (Shoals:3)
  10 nagarajas (Snake:4)
  2 vault wardens
  Louise (Shoals:3)
  Aizul (Snake:4)
  6 ironheart preservers
  A reaper (IceCv)
  3 stone giants
  3 very ugly things (Vaults:2)
  Azrael (D:15)
  The ghost of Giaklaum the Destroyer, a journeyman GnCj of Sif Muna (Orc:1)
  3 entropy weavers
  A deep elf demonologist (Vaults:2)
  2 minotaurs
  2 dire elephants (Lair:6)
  9 merfolk javelineers
  A deep elf death mage (Vaults:1)
  A fire dragon (Vaults:2)
  9 ogre magi
  4 yaktaur captains
  Josephine (Shoals:1)
  6 merfolk impalers
  13 naga warriors
  2 great orbs of eyes
  A rakshasa (Vaults:3)
  2 ice dragons (Vaults:2)
  6 vault guards
  8 hydras
  6 merfolk aquamancers
  5 merfolk avatars
  Harold (D:10)
  An alligator snapping turtle (Shoals:4)
  A catoblepas (Shoals:2)
  36 two-headed ogres
  Erica (Lair:1)
  9 centaur warriors
  8 anacondas
  A satyr (Shoals:4)
  8 death yaks
  A queen ant (Lair:4)
  9 shock serpents
  The ghost of RexLacerta the Basher, a novice GrMo of Okawaru (D:8)
  9 deep elf knights
  7 naga sharpshooters
  A shadow wraith (Vaults:2)
  4 salamander mystics
  3 skeletal warriors (D:13)
  11 sea snakes
  The ghost of gentoosiast the Thaumaturge, a novice DEWz of Ashenzari (Lair:1)
  A flayed ghost (Vaults:2)
  2 unseen horrors
  2 deep trolls (Orc:2)
  7 naga ritualists
  2 deep elf archers
  3 glowing orange brains
  11 orc knights
  5 ironbrand convokers (Vaults:2)
  20 harpies
  12 mana vipers
  15 fauns
  16 manticores
  5 wolf spiders
  8 ugly things
  9 salamanders
  4 orc sorcerers
  8 cyclopes
  9 deep elf magi
  A guardian serpent (shapeshifter) (D:15)
  7 guardian serpents
  15 elephants
  24 black mambas
  An apocalypse crab (Gauntlet)
  5 water nymphs
  2 gargoyles
  12 naga magi
  15 spiny frogs
  5 vault sentinels
  A water nymph (shapeshifter) (D:14)
  2 ice statues (IceCv)
  7 merfolk sirens
  11 komodo dragons
  8 rime drakes
  8 ice devils (IceCv)
  A freezing wraith (Vaults:1)
  4 yaktaurs
  13 trolls
  2 wandering mushrooms (Lair:5)
  19 merfolk
  4 polar bears
  A troll (shapeshifter) (D:15)
  5 wind drakes
  Prince Ribbit (D:5)
  2 hornets
  A raiju (Gauntlet)
  9 slime creatures
  12 snapping turtles
  7 dream sheep
  5 blink frogs (Lair:5)
  11 hippogriffs
  A spriggan (D:7)
  A shadow (D:12)
  2 vampires
  3 redbacks (Vaults:3)
  7 wraiths
  19 yaks
  3 wyverns
  13 water elementals
  A basilisk (shapeshifter) (D:14)
  A hog (Lair:4)
  A hog (shapeshifter) (D:14)
  A yak (shapeshifter) (Vaults:2)
  Eustachio (D:6)
  A fire bat (shapeshifter) (Vaults:2)
  A steam dragon (D:8)
  2 basilisks (Lair:4)
  2 hungry ghosts (D:13)
  2 fire elementals (D:15)
  4 vampire mosquitoes (D:14)
  An acid dragon (shapeshifter) (D:14)
  5 wargs
  5 acid dragons
  58 nagas
  27 soldier ants (Lair:4)
  12 water moccasins
  4 hell hounds (D:15)
  8 porcupines
  39 orc warriors
  3 sky beasts
  A black bear (D:9)
  3 wolves (Lair:4)
  4 boggarts (Vaults:2)
  36 ogres
  2 phantoms
  17 centaurs
  15 crocodiles
  4 elf zombies (Ossuary)
  A big kobold (D:10)
  13 bullfrogs
  A glowing shapeshifter simulacrum (Vaults:2)
  4 wyvern zombies
  7 scorpions
  A scorpion (shapeshifter) (D:14)
  11 killer bees
  4 howler monkeys
  4 electric eels
  3 centaur zombies
  8 crimson imps
  A quasit (D:12)
  A bullfrog zombie (D:6)
  7 hounds
  5 bullfrog skeletons
  17 orc priests
  3 jellies
  23 orc wizards
  An iguana (D:10)
  27 worker ants
  2 lightning spires (Gauntlet)
  2 hound zombies
  2 hound skeletons
  A howler monkey zombie (D:6)
  2 mummies (Ossuary)
  6 gnolls (D:5)
  15 adders
  4 howler monkey skeletons
  7 shadow imps
  9 white imps (IceCv)
  9 ufetubi (IceCv)
  4 oozes
  3 adder skeletons
  2 adder zombies
  2 dart slugs (D:2)
  3 worms
  4 leopard geckos
  90 orcs
  6 bats
  8 giant cockroaches
  14 goblins
  7 hobgoblins
  2 jackals (D:8)
  7 quokkas
  A ball python (D:2)
  2 frilled lizards
  3 goblin zombies (Ossuary)
  7 hobgoblin zombies (Ossuary)
  5 jackal zombies
  28 kobolds
  12 kobold zombies (Ossuary)
  6 orc zombies (Ossuary)
  5 rats
  A rat zombie (Ossuary)
  A fungus (Lair:1)
  2 plants (Shoals:4)
1332 creatures vanquished.

Vanquished Creatures (collateral kills)
  2 orcs (D:9)
  2 goblins (D:9)
4 creatures vanquished.

Vanquished Creatures (others)
  A stone giant (Vaults:2)
  Nessos (D:15)
  A centaur warrior (D:14)
  7 naga sharpshooters
  3 deep elf archers
  3 fauns (Shoals:2)
  2 cyclopes
  A salamander (Snake:4)
  2 manticores
  A merfolk siren (Shoals:2)
  2 yaktaurs
  3 humans (Lair:4)
  An acid dragon (Vaults:2)
  2 centaurs
  A killer bee (D:10)
  A worker ant (D:14)
  2 white imps (IceCv)
  An ufetubus (IceCv)
  An orc (Bailey)
  10 demonic plants (Gauntlet)
  9 fungi
  31 plants
  4 tentacles (Shoals:1)
90 creatures vanquished.

Grand Total: 1426 creatures vanquished

Notes
Turn   | Place    | Note
-------+----------+-------------------------------------------
     0 | D:1      | Ijustatesigmund the Gargoyle Gladiator began the quest for
                  | the Orb.
     0 | D:1      | Reached XP level 1. HP: 12/12 MP: 1/1
   195 | D:1      | Reached XP level 2. HP: 17/18 MP: 2/2
   370 | D:1      | Found a glowing golden altar of the Shining One.
   558 | D:1      | Reached skill level 3 in Fighting
   623 | D:2      | Noticed a centaur
   634 | D:2      | Reached XP level 3. HP: 23/23 MP: 3/3
  1310 | D:2      | Killed a centaur
  1310 | D:2      | Reached skill level 4 in Fighting
  1310 | D:2      | Reached XP level 4. HP: 11/29 MP: 4/4
  1310 | D:2      | Reached XP level 5. HP: 12/33 MP: 5/5
  1994 | D:3      | Found a runed translucent gate.
  2008 | D:3      | Found a runed translucent gate.
  2010 | D:3      | Noticed dvd2's ghost (amateur OgHu)
  2011 | D:3      | Found a runed translucent gate.
  2014 | D:3      | Found a roughly hewn altar of Beogh.
  2113 | D:3      | Reached skill level 1 in Armour
  2443 | D:3      | Reached XP level 6. HP: 39/39 MP: 6/6
  2514 | D:3      | Noticed a phantom
  2541 | D:3      | Killed a phantom
  2541 | D:3      | Reached skill level 5 in Fighting
  2541 | D:3      | Reached skill level 5 in Maces & Flails
  2983 | D:4      | Reached XP level 7. HP: 34/44 MP: 7/7
  3154 | D:4      | Found a staircase to the Ecumenical Temple.
  3465 | D:4      | Gained mutation: Armour fits poorly on your strangely
                  | shaped body. [potion of mutation]
  3465 | D:4      | Gained mutation: Your spells are a little harder to cast,
                  | but a little more powerful. [potion of mutation]
  3465 | D:4      | Gained mutation: You have sharp toenails. [potion of
                  | mutation]
  3554 | D:4      | Got a twisted mace
  3555 | D:4      | Identified the cursed +1 mace of Revaqod {flame, rN+} (You
                  | found it on level 4 of the Dungeon)
  3616 | D:4      | Found Urehibro's Armour Boutique.
  3629 | D:4      | Bought a +2 pair of gloves for 181 gold pieces
  3762 | D:5      | Entered Level 5 of the Dungeon
  3973 | D:5      | Reached skill level 6 in Fighting
  4097 | D:5      | Reached XP level 8. HP: 43/51 MP: 8/8
  4296 | D:6      | Found Xirr's General Store.
  4303 | D:6      | Bought a scroll of teleportation for 36 gold pieces
  4422 | D:6      | Found Zowniown's Armour Shop.
  4465 | D:6      | Found Jiola's Weapon Shop.
  4624 | D:6      | Reached skill level 5 in Armour
  4713 | D:6      | Noticed Eustachio
  4720 | D:6      | Noticed Prince Ribbit
  4745 | D:6      | Killed Eustachio
  4870 | D:5      | Killed Prince Ribbit
  4905 | D:6      | Reached skill level 5 in Dodging
  4996 | D:6      | Identified a scroll of acquirement
  5147 | D:6      | Reached XP level 9. HP: 50/56 MP: 9/9
  5359 | D:7      | Found a stormy altar of Qazlal.
  5958 | D:8      | Found a runed translucent door.
  5961 | D:8      | Noticed RexLacerta's ghost (novice GrMo)
  6145 | D:8      | Found a sand-covered staircase.
  6153 | Ossuary  | Entered an ossuary
  6290 | Ossuary  | Reached skill level 7 in Fighting
  6550 | D:8      | Reached XP level 10. HP: 63/63 MP: 10/10
  6575 | D:8      | Reached skill level 8 in Fighting
  6587 | D:8      | Found a staircase to the Lair.
  7027 | D:9      | Found a staircase to the Orcish Mines.
  7089 | D:9      | Found a glowing silver altar of Zin.
  7207 | D:9      | Found a flagged portal.
  7245 | Bailey   | Entered a bailey
  7492 | Bailey   | Found a burning altar of Makhleb.
  7506 | Bailey   | Got an encrusted hand axe
  7625 | Bailey   | Identified the +7 hand axe of Slime {freeze, rPois rC+}
                  | (You found it in a bailey)
  7733 | D:4      | Bought the +1 pair of boots of Raur {Slay+3} for 320 gold
                  | pieces
  7763 | Temple   | Entered the Ecumenical Temple
  8008 | Temple   | Became a worshipper of Cheibriados the Contemplative
  8327 | D:10     | Entered Level 10 of the Dungeon
  8331 | D:10     | Noticed a two-headed ogre
  8344 | D:10     | Killed a two-headed ogre
  8344 | D:10     | Reached skill level 9 in Fighting
  8344 | D:10     | Reached skill level 10 in Maces & Flails
  8344 | D:10     | Reached XP level 11. HP: 65/71 MP: 10/12
  8483 | D:10     | Found Pusmuwk's Antique Armour Emporium.
  8745 | D:10     | Noticed Harold
  8766 | D:10     | Killed Harold
  8906 | D:10     | Reached * piety under Cheibriados
  9343 | D:10     | Reached skill level 10 in Fighting
  9557 | D:11     | You fall into a shaft and drop 3 floors!
  9603 | D:14     | Got a brightly glowing flail
  9604 | D:14     | Identified the +5 flail of Yroxin {vamp, +Fly MR+ Dex+4
                  | SInv} (You found it on level 14 of the Dungeon)
  9639 | D:13     | Noticed a two-headed ogre
  9639 | D:13     | Noticed a brown ugly thing
  9639 | D:13     | Noticed a red ugly thing
  9643 | D:13     | Reached ** piety under Cheibriados
  9649 | D:13     | Killed a red ugly thing
  9649 | D:13     | Reached skill level 5 in Invocations
  9654 | D:13     | Killed a brown ugly thing
  9658 | D:13     | Killed a two-headed ogre
  9732 | D:13     | Noticed a centaur warrior
  9741 | D:13     | Killed a centaur warrior
  9741 | D:13     | Noticed a cyan ugly thing
  9745 | D:13     | Noticed a skeletal warrior
  9757 | D:13     | Killed a cyan ugly thing
  9763 | D:13     | Killed a skeletal warrior
  9780 | D:13     | Reached XP level 12. HP: 79/79 MP: 16/16
  9953 | D:12     | Reached skill level 11 in Fighting
  9978 | D:12     | Reached *** piety under Cheibriados
 10313 | D:11     | Reached **** piety under Cheibriados
 10327 | D:11     | Noticed a two-headed ogre
 10340 | D:11     | Killed a two-headed ogre
 10471 | D:11     | Got a twisted helmet
 10482 | D:11     | Identified the +0 helmet of the Jabberwock {+Blink +Inv rC+
                  | Int+4} (You found it on level 11 of the Dungeon)
 10704 | D:11     | Lost mutation: Your spells are a little harder to cast, but
                  | a little more powerful. [potion of mutation]
 10704 | D:11     | Lost mutation: Armour fits poorly on your strangely shaped
                  | body. [potion of mutation]
 10704 | D:11     | Gained mutation: Scrolls take you a little longer to read.
                  | [potion of mutation]
 10704 | D:11     | Gained mutation: Your mind is acute. (Int +2) [potion of
                  | mutation]
 10704 | D:11     | Gained mutation: Your mind is very acute. (Int +4) [potion
                  | of mutation]
 10824 | D:8      | Killed RexLacerta's ghost
 10831 | D:8      | Lost mutation: Your mind is very acute. (Int +4) [potion of
                  | mutation]
 10831 | D:8      | Lost mutation: You have sharp toenails. [potion of
                  | mutation]
 10831 | D:8      | Lost mutation: Your mind is acute. (Int +2) [potion of
                  | mutation]
 10831 | D:8      | Gained mutation: You are agile. (Dex +2) [potion of
                  | mutation]
 10831 | D:8      | Gained mutation: You have large cloven feet. [potion of
                  | mutation]
 10831 | D:8      | Gained mutation: Your mind is acute. (Int +2) [potion of
                  | mutation]
 10857 | D:8      | Lost mutation: You have large cloven feet. [potion of
                  | mutation]
 10857 | D:8      | Lost mutation: Scrolls take you a little longer to read.
                  | [potion of mutation]
 10857 | D:8      | Lost mutation: Your mind is acute. (Int +2) [potion of
                  | mutation]
 10857 | D:8      | Gained mutation: You occasionally shout uncontrollably at
                  | your foes. [potion of mutation]
 10857 | D:8      | Gained mutation: You are frail. (-10% HP) [potion of
                  | mutation]
 10857 | D:8      | Gained mutation: Your body sometimes deteriorates upon
                  | taking damage. [potion of mutation]
 10857 | D:8      | Gained mutation: You expend magic power (3 MP) to
                  | strengthen your wands. [potion of mutation]
 10974 | D:12     | Reached skill level 1 in Evocations
 11558 | D:13     | Noticed a seven-headed hydra
 11569 | D:13     | Killed a seven-headed hydra
 11763 | D:13     | Reached skill level 12 in Fighting
 12110 | D:14     | Found a large runed translucent door.
 12110 | D:14     | Found a large runed translucent door.
 12143 | D:14     | Reached ***** piety under Cheibriados
 12161 | D:14     | Reached XP level 13. HP: 77/77 MP: 12/19
 12175 | D:14     | Noticed a vault guard
 12226 | D:14     | Noticed a vault guard
 12232 | D:14     | Noticed a vault guard
 12243 | D:14     | Killed a vault guard
 12285 | D:14     | Killed a vault guard
 12299 | D:14     | Found a gate to the Vaults.
 12299 | D:14     | Noticed a vault guard
 12300 | D:14     | Noticed a vault guard
 12305 | D:14     | Killed a vault guard
 12310 | D:14     | Killed a vault guard
 12664 | D:6      | Bought the +10 large shield of Ignorance {rN+ Int-4} for
                  | 744 gold pieces
 12664 | D:6      | Found the +10 large shield of Ignorance {rN+ Int-4}
 12757 | Orc:1    | Entered Level 1 of the Orcish Mines
 12900 | Orc:2    | Entered Level 2 of the Orcish Mines
 13003 | Orc:2    | Found a gate leading to a gauntlet.
 13013 | Gauntlet | Entered a Gauntlet
 13013 | Gauntlet | Found a transporter.
 13013 | Gauntlet | Found a transporter.
 13024 | Gauntlet | Found a transporter.
 13044 | Gauntlet | Found a transporter.
 13048 | Gauntlet | Found a large runed translucent door.
 13049 | Gauntlet | Found a large runed translucent door.
 13050 | Gauntlet | Found a large runed translucent door.
 13050 | Gauntlet | Found a large runed translucent door.
 13050 | Gauntlet | Found a runed translucent door.
 13051 | Gauntlet | Found a large runed translucent door.
 13065 | Gauntlet | Found a transporter.
 13070 | Gauntlet | Found a transporter.
 13088 | Gauntlet | Found a transporter.
 13088 | Gauntlet | Found a transporter.
 13118 | Gauntlet | Found a large runed translucent door.
 13119 | Gauntlet | Found a large runed translucent door.
 13120 | Gauntlet | Found a large runed translucent door.
 13120 | Gauntlet | Found a large runed translucent door.
 13120 | Gauntlet | Found a runed translucent door.
 13121 | Gauntlet | Found a large runed translucent door.
 13122 | Gauntlet | Found a large runed translucent door.
 13123 | Gauntlet | Found a large runed translucent door.
 13123 | Gauntlet | Found a large runed translucent door.
 13124 | Gauntlet | Found a runed translucent gate.
 13124 | Gauntlet | Found a runed translucent gate.
 13124 | Gauntlet | Found a runed translucent gate.
 13126 | Gauntlet | Found a transporter.
 13136 | Gauntlet | Found a large runed translucent door.
 13137 | Gauntlet | Found a large runed translucent door.
 13138 | Gauntlet | Found a large runed translucent door.
 13146 | Gauntlet | Found the ring of Shadows {Umbra +Inv Stlth+}
 13148 | Gauntlet | Found a transporter.
 13154 | Gauntlet | Found a transporter.
 13162 | Gauntlet | Found a transporter.
 13242 | Gauntlet | Reached skill level 1 in Shields
 13260 | Gauntlet | Got a crude copper ring
 13261 | Gauntlet | Identified the ring "Nedareiw" {*Tele rElec rC+ rN++ Int-3}
                  | (You found it in a Gauntlet)
 13292 | Gauntlet | Got a warped emerald amulet
 13293 | Gauntlet | Identified the amulet "Apapaoso" {Reflect rF+ SH+5} (You
                  | found it in a Gauntlet)
 13321 | Gauntlet | Noticed a minotaur
 13332 | Gauntlet | Killed a minotaur
 13332 | Gauntlet | Reached skill level 10 in Invocations
 13357 | Gauntlet | Identified the Disquisition on Captivating Changing
 13359 | Gauntlet | Got an ancient hat
 13370 | Gauntlet | Identified the -2 hat of Valour {rElec rCorr Dex+2} (You
                  | found it in a Gauntlet)
 13385 | Gauntlet | Got an ancient robe
 13396 | Gauntlet | Identified the +1 robe "Bathuyf" {Int+4} (You found it in a
                  | Gauntlet)
 13566 | Orc:1    | Found a runed translucent gate.
 13568 | Orc:1    | Found a runed translucent gate.
 13569 | Orc:1    | Found a runed translucent gate.
 13569 | Orc:1    | Noticed a merfolk javelineer
 13569 | Orc:1    | Noticed Giaklaum's ghost (journeyman GnCj)
 13578 | Orc:1    | Noticed a minotaur
 13581 | Orc:1    | Found an iron altar of Okawaru.
 13590 | Orc:1    | Reached skill level 13 in Fighting
 13615 | Orc:1    | Killed Giaklaum's ghost
 13619 | Orc:1    | Killed a minotaur
 13629 | Orc:1    | Reached skill level 5 in Shields
 13637 | Orc:1    | Killed a merfolk javelineer
 13656 | Orc:1    | Identified Arekoaq's Disquisition on the Entourage and the
                  | Volcanoes
 13660 | Orc:1    | Learned a level 1 spell: Summon Butterflies
 13772 | Orc:2    | Noticed a stone giant
 13783 | Orc:2    | Killed a stone giant
 13815 | Orc:2    | Found a roughly hewn altar of Beogh.
 13869 | Orc:2    | Gained mutation: Your large and strong wings let you fly
                  | indefinitely. [Gargoyle growth]
 13869 | Orc:2    | Reached XP level 14. HP: 76/84 MP: 22/22
 13905 | Orc:2    | Noticed a stone giant
 13927 | Orc:2    | Killed a stone giant
 13995 | Orc:2    | Reached skill level 14 in Fighting
 14028 | Orc:2    | Found Ighuzypo's Magic Scroll Emporium.
 14031 | Orc:2    | Found Mififegi's Jewellery Boutique.
 14034 | Orc:2    | Bought a scroll of teleportation for 45 gold pieces
 14036 | Orc:2    | Found Zophour's Distillery.
 14037 | Orc:2    | Found Zopimops's Jewellery Emporium.
 14070 | Orc:2    | Noticed Saint Roka
 14085 | Orc:2    | Reached ****** piety under Cheibriados
 14274 | Orc:2    | HP: 1/86 [Saint Roka/divine providence (11)]
 15312 | D:14     | Found a shattered altar of Ashenzari.
 15315 | D:14     | Found a basalt altar of Yredelemnul.
 15402 | D:15     | Entered Level 15 of the Dungeon
 15419 | D:15     | Found a frozen archway.
 15430 | IceCv    | Entered an ice cave
 15612 | IceCv    | Reached skill level 10 in Shields
 15640 | IceCv    | Noticed a reaper
 15657 | IceCv    | Killed a reaper
 15944 | D:15     | Got a scorched hand crossbow
 15945 | D:15     | Identified the +11 hand crossbow of Cuass {velocity, Int+3}
                  | (You found it on level 15 of the Dungeon)
 15990 | D:15     | Reached XP level 15. HP: 90/90 MP: 24/24
 15998 | D:15     | Found a staircase to the Depths.
 16064 | D:15     | Noticed Azrael
 16077 | D:15     | Killed Azrael
 16224 | D:15     | Noticed Nessos
 16230 | D:15     | Killed Nessos
 16264 | D:15     | Noticed Rupert
 16284 | D:15     | Killed Rupert
 16677 | Lair:1   | Entered Level 1 of the Lair of Beasts
 16793 | Lair:1   | Noticed Erica
 16800 | Lair:1   | Killed Erica
 16950 | Lair:1   | Found a runed translucent door.
 16950 | Lair:1   | Noticed gentoosiast's ghost (novice DEWz)
 16964 | Lair:1   | Killed gentoosiast's ghost
 16979 | Lair:1   | Got a pair of faintly glowing gloves
 16990 | Lair:1   | Identified the +1 pair of gloves "Xise" {Int+4} (You found
                  | it on level 1 of the Lair of Beasts)
 17070 | Lair:1   | Reached skill level 15 in Fighting
 17319 | Lair:2   | Found a staircase to the Shoals.
 17521 | Lair:2   | Lost mutation: Your body sometimes deteriorates upon taking
                  | damage. [potion of mutation]
 17521 | Lair:2   | Lost mutation: You expend magic power (3 MP) to strengthen
                  | your wands. [potion of mutation]
 17521 | Lair:2   | Gained mutation: Your body sometimes deteriorates upon
                  | taking damage. [potion of mutation]
 17521 | Lair:2   | Gained mutation: You have a pair of small horns on your
                  | head. [potion of mutation]
 18296 | Lair:3   | Noticed Gastronok
 18311 | Lair:3   | Killed Gastronok
 19126 | Lair:4   | Found a staircase to the Snake Pit.
 19137 | Lair:4   | Noticed Kirke
 19152 | Lair:4   | Killed Kirke
 19152 | Lair:4   | Reached XP level 16. HP: 97/97 MP: 26/26
 19730 | Lair:5   | Got a smoking hat
 19736 | Lair:5   | Identified the +0 hat "Toadoddaage" {rN+ MR+ Int+8 Dex-2}
                  | (You acquired it on level 5 of the Lair of Beasts)
 19802 | Lair:5   | Found a staircase to the Slime Pits.
 19895 | Lair:5   | Reached skill level 1 in Summonings
 20585 | Lair:6   | Entered Level 6 of the Lair of Beasts
 21025 | Lair:6   | Reached skill level 16 in Fighting
 21289 | Snake:1  | Entered Level 1 of the Snake Pit
 21492 | Snake:1  | Reached skill level 15 in Shields
 21593 | Snake:1  | Reached skill level 1 in Crossbows
 21876 | Snake:2  | Reached XP level 17. HP: 103/103 MP: 27/27
 21922 | Snake:2  | Found Wuozet's Gadget Shop.
 22496 | Snake:2  | Identified the +1 scale mail of the Original Sin {rC- rN+
                  | MR+ Stlth+} (You found it on level 2 of the Snake Pit)
 23362 | Snake:3  | Identified Roxanne's Handbook of Transmigration
 23362 | Snake:3  | Noticed Roxanne
 23515 | Snake:3  | Noticed Donald
 23545 | Snake:3  | Killed Donald
 23819 | Snake:3  | Noticed Vashnia
 23832 | Snake:3  | Killed Vashnia
 24185 | Snake:4  | Entered Level 4 of the Snake Pit
 24336 | Snake:4  | Noticed Aizul
 24374 | Snake:4  | Killed Aizul
 24402 | Snake:4  | Reached skill level 5 in Crossbows
 24402 | Snake:4  | Reached XP level 18. HP: 96/109 MP: 29/29
 24423 | Snake:4  | Reached skill level 15 in Invocations
 24497 | Snake:4  | Reached skill level 17 in Fighting
 24665 | Snake:4  | Got a serpentine rune of Zot
 24870 | Snake:4  | Learned a level 2 spell: Blink
 24996 | Snake:3  | Killed Roxanne
 25393 | Orc:2    | Killed Saint Roka
 25393 | Orc:2    | Reached skill level 1 in Translocations
 25416 | Orc:2    | Bought the ring of Afroviok {rF+ AC+2 Str+4 SInv Stlth+}
                  | for 512 gold pieces
 25568 | Orc:2    | Found a staircase to the Elven Halls.
 25658 | Orc:2    | Found Zuruq's Food Shoppe.
 25817 | Shoals:1 | Entered Level 1 of the Shoals
 25817 | Shoals:1 | Noticed Josephine
 25821 | Shoals:1 | Killed Josephine
 26109 | Shoals:1 | Found a runed translucent door.
 26109 | Shoals:1 | Noticed Ogubb's ghost (adept DrFE)
 26674 | Shoals:1 | Killed Ogubb's ghost
 26851 | Shoals:2 | Identified the +2 ring mail of Hopscotch {rElec} (You found
                  | it on level 2 of the Shoals)
 26986 | Shoals:2 | Noticed Polyphemus
 27018 | Shoals:2 | Killed Polyphemus
 27138 | Shoals:2 | Reached XP level 19. HP: 115/115 MP: 30/30
 28018 | Shoals:3 | Noticed Louise
 28019 | Shoals:3 | Noticed Ilsuiw
 28045 | Shoals:3 | Killed Ilsuiw
 28064 | Shoals:3 | Killed Louise
 28266 | Shoals:3 | Noticed Nikola
 28283 | Shoals:3 | Killed Nikola
 28590 | Shoals:3 | Reached skill level 5 in Translocations
 28813 | Shoals:4 | Entered Level 4 of the Shoals
 28884 | Shoals:4 | Reached skill level 18 in Fighting
 29306 | Shoals:4 | Got a smoking platinum ring
 29307 | Shoals:4 | Identified the ring of Qeuwkiaq {rC+ MR++ Str+8 Dex-5} (You
                  | found it on level 4 of the Shoals)
 29390 | Shoals:4 | Identified the ring of Mavuck {rPois SInv Stlth+}
 30016 | Shoals:4 | Got a barnacled rune of Zot
 30499 | Vaults:1 | Entered Level 1 of the Vaults
 30566 | Vaults:1 | Found Jomuz's Jewellery Shoppe.
 30603 | Vaults:1 | Reached XP level 20. HP: 101/122 MP: 32/32
 30853 | Vaults:1 | Reached skill level 1 in Stealth
 30861 | Vaults:1 | Reached skill level 10 in Armour
 30886 | Vaults:1 | Found Enomnos's Magic Scroll Shoppe.
 30924 | Vaults:1 | Bought a scroll of identify for 22 gold pieces
 30924 | Vaults:1 | Bought a scroll of teleportation for 33 gold pieces
 30924 | Vaults:1 | Bought a scroll of identify for 22 gold pieces
 30924 | Vaults:1 | Bought a scroll of identify for 22 gold pieces
 30924 | Vaults:1 | Bought a scroll of identify for 22 gold pieces
 31087 | Vaults:1 | Found Yxypov's Antique Armour Boutique.
 31414 | Vaults:1 | Found Nuidopn's Weapon Shoppe.
 32193 | Vaults:2 | Reached skill level 5 in Stealth
 33347 | Vaults:3 | Reached XP level 21. HP: 39/126 MP: 33/33
 33347 | Vaults:3 | Killed from afar by a yaktaur

Levels and vault maps discovered:
D:1:      minmay_arrival_loop, layout_basic, tso_metal_star
D:2:      layout_loops_corners
D:3:      layout_rooms, first_ration, biasface_ghost_orc_armoury,
          hangedman_decor_points, minmay_pentangle
D:4:      layout_loops_cross, minmay_temple_entry_ruins, serial_shops,
          nicolae_shop_temple_entry_statues_fountains
D:5:      layout_rooms
D:6:      layout_cave_pods, serial_shops, shop, nicolae_shop_trees, shop,
          minmay_fractal_squares_diagonal_5, uniq_eustachio, uniq_prince_ribbit1
D:7:      layout_basic, the_bakery, grunt_qazlal_sundering
D:8:      layout_rooms, minmay_lair_entry_grove,
          lightli_ossuary_entry_decrepit_ruins, hellmonk_ghost_happy_afterlife
D:9:      layout_cave_pools, nicolae_overflow_crystal_walls, erik_orc_4,
          enter_bailey_3
D:10:     layout_layer_cave, serial_shops, shop_coins, uniq_harold
D:11:     layout_irregular_city, nrook_mini_vaults
D:12:     layout_basic
D:13:     layout_loops_cross, minmay_misc_feat_roman
D:14:     layout_long_grid, grunt_vaults_entry_fortified, columned_hall_lemuel,
          jmf_multi_god_temple2
D:15:     hangedman_depths_entry_civil_slaughter, layout_irregular_city,
          portal_ice_cave_rime, uniq_rupert, uniq_nessos, uniq_azrael
Temple:   nicolae_temple_the_god_donut
Lair:1:   layout_misc_corridors, gammafunk_ghost_grave, uniq_erica
Lair:2:   layout_misc_corridors, minmay_shoals_entry_centaurs,
          chequers_serial_rivers_large_a, nicolae_quartered_pool_super
Lair:3:   layout_chaotic_city, st_stairs_8, serial_bayou_ford_a, minmay_holes,
          eino_small_chamber_without_monster, infiniplex_staircase_pool,
          serial_bayou_shore_b, uniq_gastronok
Lair:4:   layout_regular_city, minmay_snake_entry_guardpost_small, minivault_29,
          lemuel_fruit_tree, grunt_megastairs_2, uniq_kirke
Lair:5:   layout_cave_pods, minmay_slime_entry_oklob_open, serial_bayou_shore_b
Lair:6:   gammafunk_lair_ancient_temple, layout_misc_corridors
Shoals:1: layout_shoals, ebering_ghost_inner_flame, uniq_josephine
Shoals:2: layout_shoals, nicolae_shoals_water_elemental_grotto, uniq_polyphemus
Shoals:3: layout_shoals, uniq_ilsuiw, uniq_nikola, uniq_louise
Shoals:4: shoals_end_hangedman, layout_shoals, shoals_ilsuiw_alternative
Snake:1:  layout_misc_corridors
Snake:2:  layout_chambers, serial_shops, nicolae_shop_waterfront
Snake:3:  layout_layer_cave, uniq_vashnia, uniq_donald, uniq_roxanne
Snake:4:  johnstein_snake_rune_scales, layout_misc_corridors, uniq_aizul
Orc:1:    layout_caves, gammafunk_ghost_fury_of_okawaru
Orc:2:    st_orc_open, layout_diamond_mine, basic_altar, gauntlet_entry_generic,
          serial_shops, shop, uniq_saint_roka
Vaults:1: v_misc_25, v_alt_pattern_3, v_pattern_1, nicolae_vaults_little_ls,
          nicolae_vaults_little_squares_6, nicolae_vaults_bisected_slash,
          layout_vaults_omnigrid, serial_shops, shop, nicolae_shop_trees,
          nicolae_shop_statue_plus, shop
Vaults:2: nicolae_vaults_inception_scallops, v_misc_24, v_rooms_6, v_pattern_5,
          dpeg_vaults_monster_row, nicolae_vaults_yaktaur_gun_rack,
          nicolae_vaults_network_star, hangedman_vaults_pinch, v_misc_14,
          v_misc_16, vaults_dpeg_diagonal, layout_vaults_ring
Vaults:3: nicolae_vaults_network_periphery, nicolae_vaults_little_squares_3,
          nicolae_vaults_rhombus_5, minmay_crypt_entry_simple_walls,
          vaults_room_fancy_cross, hangedman_vaults_restitches,
          nicolae_vaults_little_squares_3, nicolae_vaults_little_squares_4,
          nicolae_vaults_twisting_passages, v_misc_9,
          hangedman_vaults_stretched_pinwheel, vaults_dpeg_ring, v_pattern_3,
          v_misc_15, hangedman_vaults_stagger, v_misc_8, layout_vaults_omnicross

Skill      XL: |  1  2  3  4  5  6  7  8  9 10 11 12 13 14 15 16 17 18 19 20 |
---------------+-------------------------------------------------------------+-----
Fighting       | 3 4 5 6 7 9 10 12 13 14 15 16 17 18 | 18.1
Maces & Flails | 4 5 6 8 10 11 12 13 14 | 14.1
Armour         | 1 3 4 6 7 8 9 11 | 11.6
Dodging        | 5 6 |  6.4
Invocations    | 2 6 8 10 12 13 14 15 17 | 17.9
Evocations     | 3 |  3.4
Shields        | 6 10 13 15 16 17 | 17.4
Summonings     | 3 |  3.2
Crossbows      | 1 5 7 9 |  9.4
Translocations | 3 7 |  7.0
Stealth        | 6 |  6.9
Throwing       | |  1.7

Action                   |  1- 3 |  4- 6 |  7- 9 | 10-12 | 13-15 | 16-18 | 19-21 || total
-------------------------+-------+-------+-------+-------+-------+-------+-------++-------
Melee: Flail             |    87 |   151 |   173 |   524 |  1019 |  1211 |  1032 ||  4197
       Kick              |       |       |   101 |    41 |       |       |       ||   142
       Great mace        |       |       |   226 |   128 |       |       |       ||   354
       Headbutt          |       |       |       |       |    79 |   508 |   446 ||  1033
 Fire: Hand crossbow     |       |       |       |       |       |       |    38 ||    38
Throw: Throwing net      |     4 |       |     2 |       |       |       |       ||     6
       Dart              |       |       |    13 |     2 |       |       |       ||    15
       Javelin           |       |       |       |       |       |       |     1 ||     1
 Cast: Blink             |       |       |       |       |       |       |     1 ||     1
Invok: Slouch            |       |       |       |       |     6 |     1 |     6 ||    13
       Step From Time    |       |       |       |       |     1 |     1 |       ||     2
 Abil: Fly               |       |       |       |       |       |     2 |       ||     2
       Stop Flying       |       |       |       |       |       |     1 |       ||     1
Evoke: Wand              |       |       |     3 |    27 |    13 |    13 |     3 ||    59
  Use: Scroll            |     5 |     3 |    15 |     9 |    15 |    18 |     5 ||    70
       Potion            |       |       |     2 |     4 |     5 |     2 |     1 ||    14
 Stab: Sleeping          |       |       |       |     3 |     5 |     3 |    13 ||    24
       Distracted        |       |       |       |       |     1 |     5 |     3 ||     9
  Eat: Chunk             |     1 |     6 |    10 |     6 |     2 |     4 |     4 ||    33
       Ration            |       |       |     1 |     4 |     4 |     5 |     3 ||    17
Armor: Leather armour    |    17 |       |       |       |       |       |       ||    17
       Ring mail         |    21 |    52 |    30 |       |       |       |       ||   103
       Chain mail        |       |       |   286 |    22 |       |       |       ||   308
       Steam dragon scal |       |       |       |   165 |       |       |       ||   165
       Troll leather arm |       |       |       |   207 |   237 |   286 |   247 ||   977
Dodge: Dodged            |    84 |    93 |   276 |   665 |   307 |   331 |   324 ||  2080
Block: Large shield      |       |       |       |       |  1521 |  2210 |  1774 ||  5505
       Reflection        |       |       |       |       |    56 |   188 |    90 ||   334

Table legend:
 A = Non-vault XP
 B = Vault XP
 C = Vault XP percentage of total XP
 D = Non-vault monster count
 E = Vault monster count
 F = Vault count percentage of total count
                 A         B        C        D         E       F
            +---------+---------+-------+---------+---------+-------
      Total |  271127 |  222989 |  45.1 |     848 |     510 |  37.6
            +---------+---------+-------+---------+---------+-------
        D:1 |      32 |       0 |   0.0 |      20 |       0 |   0.0
        D:2 |     180 |       0 |   0.0 |      17 |       0 |   0.0
        D:3 |     131 |     159 |  54.8 |      26 |       9 |  25.7
        D:4 |     318 |       0 |   0.0 |      17 |       0 |   0.0
        D:5 |     476 |     274 |  36.5 |      22 |       1 |   4.3
        D:6 |     690 |     179 |  20.6 |      17 |       3 |  15.0
        D:7 |     541 |     234 |  30.2 |      15 |       1 |   6.2
        D:8 |     963 |    2711 |  73.8 |      21 |      20 |  48.8
        D:9 |    1094 |     310 |  22.1 |      15 |      14 |  48.3
       D:10 |    4063 |     955 |  19.0 |      34 |       1 |   2.9
       D:11 |    2689 |       0 |   0.0 |      29 |       0 |   0.0
       D:12 |    2903 |       0 |   0.0 |      31 |       0 |   0.0
       D:13 |    9475 |       0 |   0.0 |      24 |       0 |   0.0
       D:14 |    5236 |    7864 |  60.0 |      17 |      14 |  45.2
       D:15 |   11568 |   10737 |  48.1 |      22 |      17 |  43.6
     Lair:1 |    3046 |    1667 |  35.4 |      12 |       2 |  14.3
     Lair:2 |    2377 |     454 |  16.0 |       9 |       4 |  30.8
     Lair:3 |    3572 |    2657 |  42.7 |      17 |       2 |  10.5
     Lair:4 |    5748 |   11455 |  66.6 |      21 |      54 |  72.0
     Lair:5 |    8219 |     577 |   6.6 |      23 |       2 |   8.0
     Lair:6 |   13645 |   10954 |  44.5 |      31 |      25 |  44.6
   Shoals:1 |    5499 |    4764 |  46.4 |      12 |       8 |  40.0
   Shoals:2 |   20993 |    7935 |  27.4 |      44 |      11 |  20.0
   Shoals:3 |   10388 |    9677 |  48.2 |      22 |       8 |  26.7
   Shoals:4 |   14683 |   29421 |  66.7 |      32 |      41 |  56.2
    Snake:1 |   12936 |       0 |   0.0 |      29 |       0 |   0.0
    Snake:2 |   27232 |       0 |   0.0 |      48 |       0 |   0.0
    Snake:3 |    8294 |   10670 |  56.3 |      20 |       6 |  23.1
    Snake:4 |   10290 |   44537 |  81.2 |      14 |      69 |  83.1
      Orc:1 |     789 |    8804 |  91.8 |      14 |      11 |  44.0
      Orc:2 |    4329 |   22602 |  83.9 |      40 |      49 |  55.1
   Vaults:1 |   24754 |    5457 |  18.1 |      42 |      13 |  23.6
   Vaults:2 |   38180 |   18825 |  33.0 |      60 |      36 |  37.5
   Vaults:3 |   15794 |     900 |   5.4 |      31 |       1 |   3.1
    Ossuary |       0 |     456 | 100.0 |       0 |      39 | 100.0
     Bailey |       0 |     407 | 100.0 |       0 |      15 | 100.0
      IceCv |       0 |    5276 | 100.0 |       0 |      29 | 100.0
   Gauntlet |       0 |    2071 | 100.0 |       0 |       5 | 100.0
            +---------+---------+-------+---------+---------+-------
